 Dungeon Crawl Stone Soup version 0.28-a0-779-g3d1f99b579 (webtiles) character file.

Game seed: 11714185313941512581

144995 kae the Alchemist (level 16, -5/183 HPs)
             Began as a White Draconian Transmuter on Nov 2, 2021.
             Was the Champion of Wu Jian.
             Slain by an iron troll (17 damage)
             ... on level 1 of the Depths.
             The game lasted 00:37:06 (43806 turns).

kae the Alchemist (White Draconian Transmuter)     Turns: 43806, Time: 00:37:07

Health: -5/183     AC: 27    Str: 10 (12) XL:     16   Next: 86%
Magic:  0/26       EV: 19    Int: 19      God:    Wu Jian [******]
Gold:   1123       SH:  0    Dex:  9 (10) Spells: 8/29 levels left

rFire   x . .      SeeInvis .     - Unarmed
rCold   + + .      Faith    .   (no shield)
rNeg    + + +      Spirit   +   (armour unavailable)
rPois   ∞          Reflect  .   (helmet restricted)
rElec   +          Harm     .   R - +0 cloak {rCorr}
rCorr   +          Rampage  .   (gloves currently unavailable)
Will    ++++.                   (boots currently unavailable)
Stlth   +.........              a - amulet of guardian spirit
HPRegen 0.00/turn               V - ring of Masudd {Ice rElec rN++ Will+++ Dex-2}
MPRegen 0.20/turn               t - +4 ring of evasion

@: statue-form, very slightly contaminated, inhibited regen, very slow
A: slow and powerful, torment resistance 1, boosted hp, (breathe frost), AC +9,
unfitting armour, cold resistance 1, cold-blooded, deterioration 1, inhibited
regeneration, weak 1
a: End Transformation, Renounce Religion, Wall Jump, Serpent's Lash, Heavenly
Storm


You were on level 1 of the Depths.
You worshipped Wu Jian.
Wu Jian was exalted by your worship.
You were a living statue of rough stone.
You visited 5 branches of the dungeon, and saw 26 of its levels.
You visited 1 bazaar.
You also visited: Sewer, Gauntlet and Ice Cave.

You collected 2967 gold pieces.
You spent 1844 gold pieces at shops.

Inventory:

Armour
 R - a +0 cloak of preservation (worn)
Jewellery
 a - an amulet of guardian spirit (around neck)
 f - a +6 ring of dexterity
 k - a ring of protection from fire
 o - an amulet of the acrobat
 t - a +4 ring of evasion (right fist)
 w - a ring of ice
 y - a ring of willpower
 C - an amulet of reflection
 D - a ring of ice
 E - a ring of poison resistance
 L - a ring of ice
 M - a ring of wizardry
 N - a ring of resist corrosion
 O - a +6 ring of strength
 T - a ring of fire
 U - a ring of see invisible
 V - the ring of Masudd (left fist) {Ice rElec rN++ Will+++ Dex-2}
   (You bought it in a shop in a bazaar)

   [ring of ice]

   It enhances your ice magic.
   Dex:       It affects your dexterity (-2).
   rF:        It makes you vulnerable to fire.
   rC:        It protects you from cold.
   rElec:     It insulates you from electricity.
   rN:        It greatly protects you from negative energy.
   Will:      It greatly increases your willpower.
 W - a ring of willpower
Wands
 r - a wand of polymorph (6)
 u - a wand of iceblast (29)
 x - a wand of paralysis (32)
 J - a wand of flame (17)
 K - a wand of acid (9)
 Q - a wand of digging (5)
Scrolls
 d - 9 scrolls of noise
 g - 2 scrolls of fear
 h - a scroll of brand weapon
 n - 5 scrolls of enchant weapon
 p - 10 scrolls of teleportation
 v - 4 scrolls of amnesia
 B - 3 scrolls of enchant armour
 F - 7 scrolls of identify
 H - a scroll of fog
 P - 2 scrolls of holy word
Potions
 b - 5 potions of magic
 c - a potion of ambrosia
 e - 2 potions of attraction
 i - 13 potions of degeneration
 j - 3 potions of cancellation
 l - 8 potions of curing
 m - 5 potions of haste
 q - 5 potions of invisibility
 s - 4 potions of brilliance
 z - 3 potions of mutation
 A - 2 potions of might
 G - a potion of flight
 I - a potion of lignification
Miscellaneous
 S - a phial of floods


   Skills:
 + Level 12.4 Fighting
 + Level 10.3 Dodging
 * Level 16.5 Unarmed Combat
 - Level 7.0 Spellcasting
 - Level 17.1 Transmutations
 - Level 7.0 Ice Magic
 - Level 10.0 Earth Magic
 - Level 2.0 Poison Magic


You had 8 spell levels left.
You knew the following spells:

 Your Spells              Type           Power      Damage    Failure   Level
a - Beastly Appendage     Tmut           100%       N/A       0%          1
b - Spider Form           Tmut/Pois      42%        N/A       1%          3
c - Ice Form              Ice/Tmut       68%        N/A       1%          4
d - Dragon Form           Tmut           32%        N/A       8%          7
e - Statue Form           Tmut/Erth      36%        N/A       6%          6

Your spell library contained the following spells:

 Spells                   Type           Power      Damage    Failure   Level
 Wereblood                Tmut           64%        N/A       0%          2
 Frozen Ramparts          Ice            98%        1d11      1%          3
 Ozocubu's Armour         Ice            49%        N/A       1%          3
 Petrify                  Tmut/Erth      55%        N/A       1%          4
 Ignite Poison            Fire/Tmut/Pois 30%        N/A       2%          3
 Lee's Rapid Deconstruct  Erth           22%        3d13*     4%          5
 Yara's Violent Unravell  Hex/Tmut       19%        3d9       9%          5
 Slow                     Hex            24%        N/A       10%         1
 Poisonous Vapours        Pois/Air       20%        N/A       10%         2
 Leda's Liquefaction      Hex/Erth       12%        N/A       13%         4
 Corpse Rot               Necr/Air       12%        N/A       16%         2
 Sublimation of Blood     Necr           6%         N/A       16%         2
 Mephitic Cloud           Conj/Pois/Air  9%         N/A       24%         3
 Summon Ice Beast         Ice/Summ       29%        N/A       24%         4
 Confusing Touch          Hex            6%         N/A       30%         3
 Conjure Flame            Conj/Fire      6%         6-21      30%         3
 Dazzling Flash           Conj/Hex       12%        N/A       30%         3
 Gell's Gravitas          Tloc           6%         N/A       30%         3
 Teleport Other           Tloc           6%         N/A       30%         3
 Tukima's Dance           Hex            6%         N/A       30%         3
 Vampiric Draining        Necr           6%         2d6       30%         3
 Metabolic Englaciation   Hex/Ice        14%        N/A       54%         5
 Airstrike                Air            3%         N/A       69%         4
 Cause Fear               Hex            3%         N/A       69%         4
 Passage of Golubria      Tloc           6%         N/A       69%         4
 Sticky Flame             Conj/Fire      6%         2d3       69%         4
 Summon Lightning Spire   Summ/Air       6%         N/A       69%         4
 Freezing Cloud           Conj/Ice/Air   11%        6-21      73%         5
 Agony                    Necr           6%         N/A       95%         5
 Lightning Bolt           Conj/Air       3%         1d14      95%         5
 Silence                  Hex/Air        3%         N/A       95%         5
 Summon Forest            Summ/Tloc      3%         N/A       95%         5
 Summon Mana Viper        Hex/Summ       6%         N/A       95%         5
 Simulacrum               Ice/Necr       14%        N/A       98%         6
 Conjure Ball Lightning   Conj/Air       3%         3x3d6     100%        6
 Dispersal                Tloc           3%         N/A       100%        6
 Summon Cactus Giant      Summ           3%         N/A       100%        6
 Summon Hydra             Summ           3%         N/A       100%        7
 Discord                  Hex            3%         N/A       100%        8
 Disjunction              Tloc           3%         N/A       100%        8
 Dragon's Call            Summ           3%         N/A       100%        9


Dungeon Overview and Level Annotations

Branches:
Dungeon (15/15)            Temple (0/1) D:6            Lair (6/6) D:10
 Shoals (0/4) Lair:4        Snake (0/4) Lair:4        Slime (0/5) Lair:5
    Orc (2/2) D:9             Elf (2/3) Orc:2        Vaults (0/5) D:13
 Depths (1/4) D:15          Sewer (visited)           IceCv (visited)
Gauntlet (visited)

Altars:
Ashenzari
Cheibriados
Fedhas
Gozag
Hepliaklqana
Kikubaaqudgha
Makhleb
Nemelex Xobeh
Qazlal
Sif Muna
Trog
Wu Jian
Xom
Beogh

Shops:
D:1 [   D:3 [?   D:8 :   D:14 :   Orc:2 [*=(

Annotations:
D:7 2 runed translucent doors
D:11 Urug
Lair:5 exclusion: 2 oklob plants
Elf:2 3 runed translucent doors, exclusion: upstairs


Innate Abilities, Weirdness & Mutations

You are a living statue of rough stone.
Your actions are slow, but your melee attacks are powerful.
You are resistant to unholy torment.
Your maximum health is greatly increased.
You are immune to poison.
Your equipment is partially melded.
((You can breathe waves of freezing cold which knock back foes.))
((Your icy white scales are hard. (AC +9)))
You cannot fit into any form of body armour.
Your flesh is cold resistant. (rC+)
You are cold-blooded and may be slowed by cold attacks.
Your body sometimes deteriorates upon taking damage.
You do not regenerate when monsters are visible.
You are weak. (Str -2)


Message History

The deep troll shaman barely misses you. x2
You punch the deep troll shaman!
You kill the deep troll shaman!
The Council accepts your kill.
The iron troll completely misses you. x2; The iron troll closely misses you.
You hit the iron troll but do no damage.
You punch the iron troll!
The iron troll is lightly wounded.
The iron troll bites you but does no damage.
The iron troll claws you!!
The iron troll claws you but does no damage.
You are too injured to fight recklessly!
You are too injured to fight recklessly!
You are too injured to fight recklessly!
You are too injured to fight recklessly!
You are too injured to fight recklessly!
You squash the iron troll like an ant!!!
The iron troll is heavily wounded.
The iron troll barely misses you. The iron troll claws you!
The iron troll claws you. The iron troll misses you. The iron troll claws you!!
Your body deteriorates!
You feel clumsy. The iron troll claws you!!
You hit the iron troll but do no damage.
The iron troll is heavily wounded.
The iron troll misses you. The iron troll completely misses you.
The iron troll claws you but does no damage.
You completely miss the iron troll.
The iron troll is heavily wounded.
The iron troll bites you!!
* * * LOW HITPOINT WARNING * * *
Your body deteriorates!
You feel weakened. The iron troll completely misses you.
The iron troll claws you but does no damage.
You hit the iron troll but do no damage.
The iron troll is heavily wounded.
The iron troll misses you. The iron troll claws you!!
* * * LOW HITPOINT WARNING * * *
Your body deteriorates!
You feel weakened. The iron troll claws you!!
You die...

####### #.[...# ##
#†#8..##### ... #
#.#T......#
....+.#.......#.###
......#(..#.......# #
..........#.....#.#.#
.....##.............#
.... #.....##[....#.#
... .....(.[[...>##.#
.# ..#......†......#


You could see an iron troll (fast, strong).

Vanquished Creatures
  Rupert (Orc:2)
  Roxanne (Elf:1)
  An orc warlord (Orc:1)
  3 stone giants
  A deep elf demonologist (Elf:2)
  A deep elf annihilator (Elf:1)
  Azrael (Elf:2)
  Nessos (D:12)
  A minotaur (Gauntlet)
  A deep elf death mage (Elf:2)
  A fire dragon (Lair:6)
  An ogre mage (D:10)
  A boulder beetle (D:12)
  8 hydras
  A hell beast (Gauntlet)
  A ghost crab (Gauntlet)
  The ghost of NigelTetley the Grappler, a novice TrFi of the Shining One (Lair:2)
  4 centaur warriors
  2 spriggan air magi (Depths:1)
  5 death yaks (Lair:5)
  14 dancing weapons
  A death knight (D:15)
  5 two-headed ogres
  2 deep troll shamans (Depths:1)
  2 tengu warriors (D:15)
  2 orc high priests
  3 deep troll earth magi (Depths:1)
  A spriggan berserker (Depths:1)
  Sonja (Lair:5)
  7 deep elf knights
  7 skeletal warriors
  2 iron trolls (Depths:1)
  A bog body (IceCv)
  A swamp dragon (Lair:6)
  13 deep elf pyromancers
  7 deep trolls (Depths:1)
  3 deep elf archers
  A phantasmal warrior (D:15)
  18 deep elf zephyrmancers
  2 necromancers
  2 lindwurms
  9 ugly things
  An oklob plant (Lair:4)
  6 cyclopes
  4 orc knights
  2 manticores
  3 orc sorcerers
  A wolf spider (Lair:6)
  An elephant (shapeshifter) (Elf:2)
  A moth of wrath (Gauntlet)
  2 ice statues (IceCv)
  8 black mambas
  A guardian serpent (Lair:6)
  6 elephants (Lair:6)
  Maggie (D:8)
  An unseen horror (shapeshifter) (D:15)
  5 centaur skeletons
  A gargoyle (D:14)
  18 cane toads
  5 kobold demonologists
  4 anaconda simulacra (IceCv)
  A freezing wraith (D:14)
  14 komodo dragons
  2 efreet
  3 rime drakes
  3 yaktaurs (D:13)
  6 ice devils (IceCv)
  2 entropy weaver simulacra (IceCv)
  4 trolls
  9 hornets
  2 polar bears
  A harpy skeleton (D:14)
  13 blink frogs
  6 dream sheep
  3 air elementals
  13 wyverns
  4 redbacks (Lair:6)
  56 yaks
  4 shadows
  3 dire elephant simulacra (IceCv)
  3 wraiths
  7 basilisks
  9 fire elementals
  2 water elementals
  2 chaos spawn
  4 steam dragons
  15 vampire mosquitoes
  A neqoxec (Gauntlet)
  A harpy simulacrum (IceCv)
  Edmund (D:6)
  4 wargs
  3 acid dragons
  16 water moccasins
  4 hell hounds
  3 swamp drakes
  Pargi (Sewer)
  25 orc warriors
  2 sky beasts
  5 black bears
  6 ogres
  20 wolves
  16 centaurs
  A rime drake zombie (D:9)
  2 kobold brigands
  2 gnoll sergeants
  19 bullfrogs
  An earth elemental (Elf:1)
  2 scorpions
  A hornet simulacrum (D:14)
  A water moccasin skeleton (D:7)
  11 killer bees (D:9)
  An elephant simulacrum (IceCv)
  3 wights (D:6)
  3 electric eels (D:9)
  6 howler monkeys
  A lava snake (D:9)
  2 jellies
  A bullfrog zombie (D:6)
  4 centaur zombies
  3 hounds
  15 orc priests
  A bullfrog skeleton (D:5)
  3 iguanas
  Natasha (thrice) (D:2)
  26 orc wizards
  Terence (D:2)
  18 hell rats
  A killer bee zombie (D:5)
  A wolf simulacrum (IceCv)
  A hound skeleton (D:5)
  Robin (D:3)
  9 adders
  12 gnolls
  A naga simulacrum (IceCv)
  3 white imps
  2 ufetubi (D:5)
  A dart slug (D:9)
  5 worms
  62 orcs
  9 ball pythons
  3 bats
  9 endoplasms
  9 giant cockroaches
  17 goblins
  7 hobgoblins
  4 jackals
  16 kobolds
  5 quokkas
  9 frilled lizards
  3 rats
832 creatures vanquished.

Vanquished Creatures (others)
  An ogre mage (D:13)
  A wizard (D:7)
  A chaos spawn (Elf:2)
  An orc (Orc:2)
  66 fungi
  86 plants
156 creatures vanquished.

Grand Total: 988 creatures vanquished

Notes
Turn   | Place    | Note
-------+----------+-------------------------------------------
     0 | D:1      | kae the Draconian Transmuter began the quest for the Orb.
     0 | D:1      | Reached XP level 1. HP: 16/16 MP: 3/3
    14 | D:1      | Found Ufeseil's Antique Armour Emporium.
   333 | D:1      | Reached XP level 2. HP: 23/23 MP: 3/5
   899 | D:2      | Found an ornate altar of the Wu Jian Council.
   929 | D:1      | Reached XP level 3. HP: 18/29 MP: 6/6
   937 | D:1      | Learned a level 3 spell: Spider Form
  1305 | D:2      | Became a worshipper of the Wu Jian Council
  1697 | D:2      | Noticed Terence
  1699 | D:2      | Noticed Natasha
  1706 | D:2      | Killed Terence
  1707 | D:2      | Reached skill level 1 in Poison Magic
  1707 | D:2      | Reached XP level 4. HP: 27/36 MP: 3/7
  1739 | D:2      | Killed Natasha
  2248 | D:2      | Noticed Natasha
  2259 | D:2      | Killed Natasha
  2260 | D:2      | Reached XP level 5. HP: 34/42 MP: 4/8
  2326 | D:2      | Noticed Natasha
  2336 | D:2      | Killed Natasha
  2337 | D:2      | Reached skill level 3 in Transmutations
  2555 | D:3      | Noticed Robin
  2573 | D:2      | Reached * piety under Wu Jian
  2653 | D:3      | Killed Robin
  2809 | D:3      | Learned a level 4 spell: Ice Form
  2874 | D:3      | Found Pyorotwu's Antique Armour Shop.
  2894 | D:3      | Found Jif Duemaweu's Magic Scroll Shoppe.
  2947 | D:3      | Bought a scroll of identify for 20 gold pieces
  2947 | D:3      | Bought a scroll of identify for 20 gold pieces
  2947 | D:3      | Bought a scroll of noise for 10 gold pieces
  2947 | D:3      | Bought a scroll of fear for 35 gold pieces
  3079 | D:3      | Reached skill level 1 in Ice Magic
  3083 | D:3      | Reached XP level 6. HP: 36/51 MP: 5/9
  3266 | D:3      | Found a faded altar of an unknown god.
  3576 | D:4      | Reached skill level 5 in Unarmed Combat
  3581 | D:4      | Reached ** piety under Wu Jian
  3919 | D:4      | Found a glowing drain.
  3937 | Sewer    | Entered a sewer
  4022 | Sewer    | Noticed Pargi
  4031 | Sewer    | Killed Pargi
  4416 | D:4      | Your scales start taking on an icy white colour.
  4416 | D:4      | Reached XP level 7. HP: 57/57 MP: 8/10
  4416 | D:4      | Gained mutation: Your flesh is cold resistant. (rC+) [White
                  | Draconian growth]
  4741 | D:5      | Entered Level 5 of the Dungeon
  5943 | D:6      | Found an ornate altar of the Wu Jian Council.
  5955 | D:6      | Reached skill level 4 in Transmutations
  6293 | D:6      | Identified the +1 robe of the Insatiable Mystics {Dex+5}
  6358 | D:6      | Noticed Edmund
  6363 | D:6      | Killed Edmund
  6364 | D:6      | Reached XP level 8. HP: 55/66 MP: 3/11
  6367 | D:6      | You fall into a shaft and drop 1 floor!
  6485 | D:6      | Found a staircase to the Ecumenical Temple.
  6549 | D:6      | Reached skill level 5 in Ice Magic
  7293 | D:7      | Reached skill level 5 in Fighting
  7293 | D:7      | Reached skill level 5 in Transmutations
  7395 | D:7      | Found an opulent altar of Gozag.
  7549 | D:7      | Found a blossoming altar of Fedhas.
  7550 | D:7      | Found an ancient bone altar of Kikubaaqudgha.
  7724 | D:7      | Found a bloodstained altar of Trog.
  7725 | D:7      | Noticed a wizard
  7731 | D:7      | Killed a wizard
  7894 | D:7      | Found a runed translucent door.
  7896 | D:7      | Found a runed translucent door.
  8841 | D:8      | Found a hazy altar of Hepliaklqana.
  8915 | D:8      | Found a broken altar of Ashenzari.
  8934 | D:8      | Found a shimmering altar of Xom.
  8988 | D:8      | Noticed Maggie
  8999 | D:8      | Killed Maggie
  9000 | D:8      | Reached XP level 9. HP: 71/74 MP: 7/13
  9056 | D:8      | Reached *** piety under Wu Jian
  9141 | D:8      | Found Geit's Book Boutique.
  9181 | D:8      | Paralysed by a hornet for 1 turns
 10439 | D:9      | Noticed an efreet
 10441 | D:9      | Reached skill level 6 in Transmutations
 10446 | D:9      | Killed an efreet
 11197 | D:9      | Reached XP level 10. HP: 84/84 MP: 10/15
 11402 | D:9      | Reached **** piety under Wu Jian
 11556 | D:9      | Found a snail-covered altar of Cheibriados.
 11910 | D:9      | Found a staircase to the Orcish Mines.
 12640 | D:10     | Entered Level 10 of the Dungeon
 12930 | D:10     | Noticed a two-headed ogre
 12939 | D:10     | Killed a two-headed ogre
 13010 | D:10     | Noticed an ogre mage
 13021 | D:10     | Killed an ogre mage
 13022 | D:10     | Reached skill level 10 in Unarmed Combat
 13022 | D:10     | Reached skill level 7 in Transmutations
 13069 | D:10     | Noticed a centaur warrior
 13090 | D:9      | Reached skill level 5 in Spellcasting
 13272 | D:10     | Killed a centaur warrior
 13273 | D:10     | Reached skill level 5 in Dodging
 13276 | D:10     | Reached XP level 11. HP: 50/92 MP: 5/18
 13526 | D:10     | Found a staircase to the Lair.
 13827 | D:10     | Noticed a two-headed ogre
 13832 | D:10     | Killed a two-headed ogre
 13959 | D:10     | Found a sparkling altar of Nemelex Xobeh.
 14035 | D:10     | Found a shimmering blue altar of Sif Muna.
 14312 | D:11     | Noticed an eight-headed hydra
 14568 | D:11     | Reached skill level 8 in Transmutations
 14592 | D:11     | Noticed a green ugly thing
 14608 | D:11     | Killed a green ugly thing
 15328 | D:11     | Found a stormy altar of Qazlal.
 15329 | D:11     | Noticed Urug
 15692 | Lair:1   | Entered Level 1 of the Lair of Beasts
 15692 | Lair:1   | Noticed a five-headed hydra
 15697 | Lair:1   | Noticed a six-headed hydra
 15708 | D:10     | Killed a five-headed hydra
 15833 | Lair:1   | Killed a six-headed hydra
 15834 | Lair:1   | Reached XP level 12. HP: 95/103 MP: 14/21
 16063 | Lair:1   | Noticed a four-headed hydra
 16072 | Lair:1   | Killed a four-headed hydra
 16328 | Lair:1   | Noticed a five-headed hydra
 16336 | Lair:1   | Killed a five-headed hydra
 16604 | Lair:1   | Reached ***** piety under Wu Jian
 17011 | Lair:2   | Noticed a nine-headed hydra
 17011 | Lair:2   | Found a runed translucent gate.
 17011 | Lair:2   | Found a runed translucent gate.
 17011 | Lair:2   | Found a runed translucent gate.
 17013 | Lair:2   | Noticed NigelTetley's ghost (novice TrFi)
 17101 | D:8      | Bought a book of the Dragon for 690 gold pieces
 17109 | D:8      | Learned a level 7 spell: Dragon Form
 17665 | Lair:2   | Reached skill level 9 in Transmutations
 18518 | Lair:2   | Killed a nine-headed hydra
 18530 | Lair:2   | Killed NigelTetley's ghost
 18991 | Lair:3   | Found a frozen archway.
 19012 | IceCv    | Entered an ice cave
 19513 | IceCv    | Reached skill level 10 in Fighting
 19513 | IceCv    | Reached skill level 10 in Transmutations
 19666 | IceCv    | Reached XP level 13. HP: 113/113 MP: 18/23
 20711 | Lair:4   | Found a staircase to the Shoals.
 20941 | Lair:4   | Found a staircase to the Snake Pit.
 22096 | Lair:4   | Reached skill level 11 in Transmutations
 22675 | Lair:4   | Found a burning altar of Makhleb.
 23711 | Lair:5   | Noticed Sonja
 23719 | Lair:5   | Killed Sonja
 24565 | Lair:5   | Found a staircase to the Slime Pits.
 24922 | Lair:5   | Reached XP level 14. HP: 46/124 MP: 7/24
 25363 | Lair:6   | Entered Level 6 of the Lair of Beasts
 25371 | Lair:6   | Reached skill level 12 in Transmutations
 25724 | Lair:6   | Reached ****** piety under Wu Jian
 25902 | Lair:6   | Reached skill level 15 in Unarmed Combat
 27692 | Lair:6   | Reached skill level 13 in Transmutations
 28057 | Orc:1    | Entered Level 1 of the Orcish Mines
 28182 | Orc:1    | Found a burning altar of Makhleb.
 28218 | Orc:2    | Entered Level 2 of the Orcish Mines
 28218 | Orc:2    | Noticed Rupert
 28264 | Orc:2    | Killed Rupert
 28325 | Orc:2    | Found a staircase to the Elven Halls.
 28778 | Orc:2    | Noticed an orc warlord
 28793 | Orc:1    | Killed an orc warlord
 29484 | Orc:1    | Gained mutation: You are weak. (Str -2) [mutagenic glow]
 30689 | Orc:2    | Found Tuerphuf's General Store.
 30718 | Orc:2    | Found Giphepest's Antique Weapon Shoppe.
 30885 | Orc:2    | Found Tykopluw's Jewellery Shoppe.
 30900 | Orc:2    | Found Did Saxa's Antique Armour Shoppe.
 31584 | D:12     | Reached XP level 15. HP: 132/132 MP: 25/25
 31829 | D:12     | Noticed Nessos
 31834 | D:12     | Killed Nessos
 32282 | D:12     | Identified the +9 scimitar "Reycym" {venom, Int+2 Dex+3}
 32412 | D:13     | Found a gate to the Vaults.
 32716 | D:13     | Reached skill level 14 in Transmutations
 32784 | D:13     | Reached skill level 10 in Dodging
 32805 | D:13     | Identified the +3 flail "Koidghace" {freeze, *Slow rElec
                  | rC- Str+8}
 32964 | D:13     | Gained mutation: You do not regenerate when monsters are
                  | visible. [mutagenic glow]
 32982 | D:12     | Gained mutation: Your body sometimes deteriorates upon
                  | taking damage. [mutagenic glow]
 33823 | D:13     | Found the +12 glaive of Prune {vorpal}
 34548 | D:14     | Reached skill level 15 in Transmutations
 34738 | D:14     | Found a gate leading to a gauntlet.
 34793 | Gauntlet | Entered a Gauntlet
 34793 | Gauntlet | Found a transporter.
 35063 | Gauntlet | Found a transporter.
 35065 | Gauntlet | Found a transporter.
 35066 | Gauntlet | Found a transporter.
 35074 | Gauntlet | Found a transporter.
 35077 | Gauntlet | Found a transporter.
 35078 | Gauntlet | Found a transporter.
 35090 | Gauntlet | Found a transporter.
 35091 | Gauntlet | Found a transporter.
 35091 | Gauntlet | Found a transporter.
 35103 | Gauntlet | Found a transporter.
 35103 | Gauntlet | Found a transporter.
 35104 | Gauntlet | Found a transporter.
 35113 | Gauntlet | Found a transporter.
 35502 | Gauntlet | Identified the +5 robe of Meoj {Will+}
 35618 | D:14     | Found Houtidoc's Book Shoppe.
 35626 | D:14     | Bought a book of Sloth for 504 gold pieces
 35633 | D:14     | Learned a level 6 spell: Statue Form
 35910 | D:14     | Found a blossoming altar of Fedhas.
 36034 | D:15     | Entered Level 15 of the Dungeon
 36117 | D:15     | Reached skill level 16 in Transmutations
 36898 | D:15     | Found a gateway to a bazaar.
 37010 | D:15     | Found a shimmering blue altar of Sif Muna.
 37138 | D:15     | Found a staircase to the Depths.
 37279 | Bazaar   | Entered a bazaar
 37281 | Bazaar   | Found Yvabikofa's Jewellery Emporium.
 37289 | Bazaar   | Found Kimyd's Jewellery Shop.
 37330 | Bazaar   | Found Lofaute's Antique Weapon Shoppe.
 37338 | Bazaar   | Found Zutas's Book Boutique.
 37395 | Bazaar   | Bought the ring of Masudd {Ice rElec rN++ Will+++ Dex-2}
                  | for 565 gold pieces
 37628 | Elf:1    | Entered Level 1 of the Elven Halls
 37748 | Elf:1    | Reached skill level 17 in Transmutations
 38054 | Elf:1    | Reached skill level 1 in Earth Magic
 38569 | Elf:1    | Reached XP level 16. HP: 139/139 MP: 17/26
 39242 | Elf:1    | Reached skill level 5 in Earth Magic
 39470 | Elf:1    | Noticed Roxanne
 39609 | Elf:1    | Killed Roxanne
 40151 | Elf:2    | Found a runed translucent gate.
 40152 | Elf:2    | Found a runed translucent gate.
 40152 | Elf:2    | Found a runed translucent gate.
 40245 | Elf:2    | HP: 2/180 [deep elf archer/arrow (9)]
 40250 | Elf:2    | HP: 2/180 [fire elemental[a deep elf pyromancer] (17)]
 40647 | Elf:2    | Noticed Azrael
 40655 | Elf:2    | Paralysed by an air elemental for 1 turns
 41060 | Elf:2    | Killed Azrael
 42835 | Elf:1    | Found a shimmering blue altar of Sif Muna.
 43140 | Depths:1 | Entered Level 1 of the Depths
 43146 | Depths:1 | Reached skill level 10 in Earth Magic
 43806 | Depths:1 | Slain by an iron troll

Illustrated notes

Levels and vault maps discovered:
D:1:      ebering_trefoil_3fold, layout_basic, serial_shops, shop
D:2:      layout_basic, basic_altar, uniq_terence, uniq_natasha
D:3:      layout_rooms, dreamdust_ecumenical_altar_angels_and_demons,
          serial_shops, nicolae_shop_statue_plus, shop, uniq_robin
D:4:      layout_loops_ring, gup_sewer_entry_pipe
D:5:      layout_loops_corners, grunt_ministairs_2
D:6:      layout_loops_ring, nicolae_wu_jian_wuxing_cycle,
          minmay_temple_entry_purple_smoke, chequers_ossuary_entry_cave,
          kennysheep_generic_room_6, uniq_edmund
D:7:      lemuel_insect_pit, layout_layer_cave, mainiacjoe_overflow_alcove_4,
          grunt_temple_overflow_growth_and_decay, trog_wizard,
          lightli_orcish_oven
D:8:      layout_loops_cross, mainiacjoe_overflow_catwalk,
          lemuel_coloured_pillars_altar, ashenzari_altar_1, serial_shops, shop,
          uniq_maggie
D:9:      wad_lake_hut, layout_irregular_city, kennysheep_slug_shrine,
          erik_orc_1, grunt_ministairs_12, nicolae_lava_and_water
D:10:     layout_small_grid, marbit_many_paths, minmay_lair_entry_grove,
          minmay_ruined_shrine
D:11:     layout_stronghold, grunt_qazlal_clouds, uniq_urug
D:12:     layout_irregular_city, uniq_nessos
D:13:     layout_basic, hangedman_vaults_entry_quadrant_bands,
          minmay_guarded_unrand_prune
D:14:     layout_basic, gauntlet_entry_generic, lemuel_tele_altar, serial_shops,
          nicolae_stop_n_shop_2
D:15:     grunt_enter_depths_snipers, layout_cave_pools, serial_shops,
          bzr_entry_gold, lemuel_blue_sif_altar
Lair:1:   layout_loops_ring
Lair:2:   layout_cave_pods, gammafunk_ghost_hydra_chop
Lair:3:   layout_cave_shapes, portal_ice_cave_entry_pillars_1,
          serial_bayou_shore_b
Lair:4:   cheibrodos_lair_overgrown_chateau, layout_regular_city,
          shoals_dummy_entry, guppyfry_snake_entry_garden, lemuel_oklob_altar
Lair:5:   layout_regular_city, minmay_slime_entry_oklob_enclosed,
          chequers_serial_rivers_micro_d, st_stairs_9, grunt_megastairs_3,
          uniq_sonja
Lair:6:   hangedman_lair_tendril_chambers, layout_long_grid,
          guppyfry_lair_end_dragon
Orc:1:    layout_diamond_mine, basic_altar
Orc:2:    grunt_orc_cross, layout_caves, uniq_rupert
Elf:1:    layout_geoelf_diagonals, minmay_elf_annihilation,
          nicolae_elf_glass_and_crystal_pillar_1, drop_trap,
          lemuel_upstairs_altar, uniq_roxanne
Elf:2:    nicolae_elf_blades_crystal_corner, layout_loops_corners,
          nicolae_elf_free_trip_to_the_abyss, uniq_azrael
Depths:1: layout_basic, grunt_mini_vestibule, columned_hall_lemuel,
          makhleb_altar_promises_db

Skill      XL: |  1  2  3  4  5  6  7  8  9 10 11 12 13 14 15 16 |
---------------+-------------------------------------------------+-----
Fighting       | 2 3 4 5 6 7 8 10 11 12 | 12.4
Unarmed Combat | 4 5 6 8 9 10 11 13 14 15 16 | 16.5
Poison Magic   | 1 2 |  2.0
Transmutations | 3 4 5 6 7 8 10 11 13 17 | 17.1
Ice Magic      | 1 3 4 5 6 7 |  7.0
Dodging        | 2 3 5 6 7 8 9 10 | 10.3
Spellcasting   | 3 5 6 7 |  7.0
Earth Magic    | 3 10 | 10.0

Action                   |  1- 3 |  4- 6 |  7- 9 | 10-12 | 13-15 | 16-18 || total
-------------------------+-------+-------+-------+-------+-------+-------++-------
Melee: Unarmed           |    87 |   209 |   311 |   515 |  1015 |   302 ||  2439
       Headbutt          |     9 |    16 |    10 |       |       |       ||    35
       Tailslap          |     4 |    10 |    11 |       |    55 |    26 ||   106
       Kick              |    13 |    17 |     9 |       |       |       ||    39
       Punch             |       |       |     3 |     1 |    35 |     9 ||    48
       Bite              |       |       |       |       |    32 |       ||    32
 Cast: Beastly Appendage |    18 |    26 |    12 |       |       |       ||    56
       Spider Form       |     2 |    10 |       |       |       |       ||    12
       Ice Form          |       |     1 |    32 |    53 |    61 |       ||   147
       Dragon Form       |       |       |       |       |    45 |     3 ||    48
       Statue Form       |       |       |       |       |     5 |    20 ||    25
Invok: Lunge             |     2 |    16 |    19 |    24 |    79 |    17 ||   157
       Whirlwind         |       |     2 |     7 |     6 |    19 |     6 ||    40
       Serpent's Lash    |       |       |       |       |     3 |       ||     3
 Abil: Breathe Frost     |       |       |     2 |     2 |     4 |       ||     8
       End Transformatio |       |       |       |       |     2 |       ||     2
Evoke: Wand              |       |       |       |     1 |       |       ||     1
  Use: Scroll            |       |     6 |     6 |     6 |    12 |     2 ||    32
       Potion            |       |       |       |       |     5 |     4 ||     9
 Stab: Sleeping          |       |     3 |     2 |     1 |     1 |       ||     7
       Distracted        |       |       |       |       |     2 |       ||     2
       Invisible         |       |       |       |       |     1 |       ||     1
Armor: Skin              |    21 |    57 |   100 |   108 |   289 |   173 ||   748
Dodge: Dodged            |    63 |   127 |   151 |   364 |   657 |   238 ||  1600

Table legend: (Time is in decaauts)
 A = Elapsed time spent in this place.
 B = Non-inter-level travel time spent in this place.
 C = Inter-level travel time spent in this place.
 D = Time resting spent in this place.
 E = Time spent auto-exploring this place.
 F = Levels seen in this place.
 G = Mean time per level.
                   A        B        C        D        E       F      G
               +--------+--------+--------+--------+--------+-----+--------+
         Total |  44019 |  42037 |   1982 |   4917 |  31356 |  30 | 1467.3 |
       Dungeon |  22038 |  20664 |   1374 |   2434 |  15514 |  15 | 1469.2 |
          Lair |  10303 |   9980 |    323 |    733 |   7907 |   6 | 1717.2 |
  Orcish Mines |   3440 |   3287 |    153 |    813 |   2082 |   2 | 1720.0 |
   Elven Halls |   5472 |   5342 |    130 |    473 |   4206 |   2 | 2736.0 |
        Depths |    103 |    103 |      0 |     23 |      0 |   1 |  103.0 |
        Bazaar |    136 |    136 |      0 |      0 |     75 |   1 |  136.0 |
         Sewer |    267 |    267 |      0 |     54 |    130 |   1 |  267.0 |
      Ice Cave |   1474 |   1474 |      0 |    225 |    969 |   1 | 1474.0 |
      Gauntlet |    781 |    781 |      0 |    161 |    471 |   1 |  781.0 |
               +--------+--------+--------+--------+--------+-----+--------+

Top non-repeatable levels by time:
     D:9: 3110 daAuts
  Lair:4: 2917 daAuts
   Elf:1: 2850 daAuts
   Elf:2: 2621 daAuts
  Lair:6: 2224 daAuts
   Orc:1: 2033 daAuts
    D:15: 1790 daAuts
    D:13: 1778 daAuts
  Lair:5: 1671 daAuts
  Lair:2: 1664 daAuts
     D:8: 1646 daAuts
    D:10: 1622 daAuts
    D:11: 1571 daAuts
   IceCv: 1474 daAuts
   Orc:2: 1407 daAuts
